 Dungeon Crawl Stone Soup version 0.21.0 (webtiles) character file.

550 bappy the Fighter (level 7, -6/49 HPs)
             Began as a Kobold Hunter on Jan 8, 2018.
             Shot with an arrow by a centaur (7 damage)
             ... on level 5 of the Dungeon.
             The game lasted 00:14:05 (4922 turns).

bappy the Fighter (Kobold Hunter)                   Turns: 4922, Time: 00:14:05

Health: -6/49      AC:  4    Str: 11    XL:     7   Next: 54%
Magic:  7/7        EV: 15    Int: 12    God:
Gold:   186        SH:  0    Dex: 16    Spells: 4/6 levels left

rFire    . . .     SeeInvis .   d - +0 long sword
rCold    . . .     Gourm    .   (shield restricted)
rNeg     . . .     Faith    .   c - +1 leather armour
rPois    .         Spirit   .   (no helmet)
rElec    .         Reflect  .   (no cloak)
rCorr    .         Harm     .   (no gloves)
MR       .....                  (no boots)
Stlth    ++........             (no amulet)
HPRegen  0.16/turn              (no ring)
MPRegen  0.10/turn              (no ring)

@: lethally poisoned (-6 -> -10)
A: small, carnivore
a: no special abilities


You were on level 5 of the Dungeon.
You were full.

You visited 1 branch of the dungeon, and saw 5 of its levels.

You collected 186 gold pieces.

Inventory:

Hand Weapons
 a - a +1 hand crossbow
 d - a +0 long sword (weapon)
 g - a +0 spear
 p - a cursed -3 dagger
 q - a +1 long sword of slicing
Armour
 c - a +1 leather armour (worn)
 n - a +0 ring mail
Jewellery
 e - an uncursed amulet of magic regeneration {unknown}
Wands
 k - a wand of flame (27)
Scrolls
 i - a scroll of amnesia
 l - 3 scrolls of magic mapping
Potions
 b - a potion of brilliance
 j - 2 potions of magic
Books
 m - a book of Cantrips

   Spells                             Type                      Level
   a - Confusing Touch                Hexes                        1
   b - Animate Skeleton               Necromancy                   1
   c - Summon Small Mammal            Summoning                    1
   d - Apportation                    Translocation                1
Comestibles
 f - 6 rations


   Skills:
 - Level 8.1 Fighting
 + Level 5.7 Crossbows
 - Level 2.4 Dodging
 - Level 1.3 Stealth


You had 4 spell levels left.
You knew the following spells:

 Your Spells              Type           Power        Failure   Level  Hunger
a - Apportation           Tloc           #.....       41%         1    ##.....
b - Confusing Touch       Hex            #.....       41%         1    ##.....


Dungeon Overview and Level Annotations

Branches:
Dungeon (5/15)             Temple (0/1) D:4

Altars:
Ashenzari
Okawaru
Sif Muna
Trog
Xom

Annotations:
D:3 Sigmund
D:4 Blork the orc; Dowan; Duvessa; Zleub's ghost, amateur HOFi


Innate Abilities, Weirdness & Mutations

You are small and have problems with some larger weapons.
You are carnivorous and can eat meat at any time.


Message History

You barely miss the worker ant.
The worker ant is severely wounded.
* * * LOW HITPOINT WARNING * * *
You feel sick. The worker ant closely misses you. x2
You hit the worker ant but do no damage.
The worker ant is severely wounded.
* * * LOW HITPOINT WARNING * * *
You feel sick. The worker ant barely misses you. The worker ant misses you.
* * * LOW HITPOINT WARNING * * *
You feel sick.
A crimson imp comes into view.
* * * LOW HITPOINT WARNING * * *
You feel sick. The worker ant barely misses you.
A shadow imp comes into view.
* * * LOW HITPOINT WARNING * * *
You feel sick.
The crimson imp shouts!
The centaur shoots an arrow.
The arrow hits you!
You die...

##+#####.. ........
......# .....# # ...
....###.. ... ##5.5....#
#.# #........#
#.#######(.......#
#######.##....((@......#
.....##.##.####...######
####.##.##a#..a...#
#.##.##.#..c...#
####....##.#....#.#
........##.....##.#
###.....##.#%#....# #
#.....####.#.#....... #
#..(.......#.#.###...


You could see a centaur, a worker ant, a crimson imp and a shadow imp.

Vanquished Creatures
  A sky beast (D:5)
  An ogre (D:4)
  2 scorpions (D:4)
  A bullfrog zombie (D:5)
  A hound (D:4)
  A centaur skeleton (D:4)
  Jessica (D:3)
  An iguana (D:4)
  A worker ant (D:4)
  Robin (D:3)
  3 adders
  An ooze (D:2)
  An adder zombie (D:5)
  A worm (D:2)
  A dart slug (D:2)
  2 orcs
  A ball python (D:3)
  8 bats
  2 giant cockroaches
  14 goblins
  8 hobgoblins
  2 quokkas
  2 frilled lizards (D:2)
  8 kobolds
  7 rats
72 creatures vanquished.

Notes
Turn   | Place    | Note
-------+----------+-------------------------------------------
     0 | D:1      | bappy the Kobold Hunter began the quest for the Orb.
     0 | D:1      | Reached XP level 1. HP: 12/12 MP: 1/1
    57 | D:1      | Reached skill level 5 in Crossbows
   377 | D:1      | Reached XP level 2. HP: 14/17 MP: 2/2
  1017 | D:1      | Reached XP level 3. HP: 21/22 MP: 3/3
  1254 | D:2      | Learned a level 1 spell: Apportation
  1256 | D:2      | Learned a level 1 spell: Confusing Touch
  1297 | D:2      | Reached skill level 3 in Fighting
  1658 | D:2      | Found a shimmering altar of Xom.
  1793 | D:3      | Reached XP level 4. HP: 26/28 MP: 4/4
  2138 | D:3      | Noticed Jessica
  2145 | D:3      | Killed Jessica
  2145 | D:3      | Reached skill level 4 in Fighting
  2392 | D:3      | Found a bloodstained altar of Trog.
  2392 | D:3      | Found a deep blue altar of Sif Muna.
  2588 | D:3      | Noticed Sigmund
  2651 | D:4      | Reached XP level 5. HP: 24/34 MP: 5/5
  2659 | D:4      | Found a staircase to the Ecumenical Temple.
  2766 | D:4      | Reached skill level 5 in Fighting
  2847 | D:4      | Found a faded altar of an unknown god.
  2898 | D:4      | Reached XP level 6. HP: 27/41 MP: 6/6
  3202 | D:4      | Found a shattered altar of Ashenzari.
  3204 | D:4      | Noticed Blork the orc
  3205 | D:4      | Found an iron altar of Okawaru.
  3214 | D:4      | Reached skill level 6 in Fighting
  3335 | D:4      | Noticed an ogre
  3373 | D:4      | Killed an ogre
  3447 | D:4      | Noticed Zleub's ghost (amateur HOFi)
  3587 | D:4      | Reached skill level 7 in Fighting
  3587 | D:4      | Reached XP level 7. HP: 48/48 MP: 7/7
  3657 | D:4      | Noticed Duvessa
  3658 | D:4      | Noticed Dowan
  4152 | D:3      | Noticed Robin
  4189 | D:3      | Killed Robin
  4660 | D:5      | Entered Level 5 of the Dungeon
  4723 | D:5      | Reached skill level 8 in Fighting
  4920 | D:5      | HP: 2/49 [poisoned by a worker ant]
  4922 | D:5      | Shot with an arrow by a centaur

Skill      XL: |  1  2  3  4  5  6  7 |
---------------+----------------------+-----
Crossbows      | 5 |  5.7
Fighting       | 3 4 5 7 8 |  8.1
Dodging        | |  2.4
Stealth        | |  1.3

Action                   |  1- 3 |  4- 6 |  7- 9 || total
-------------------------+-------+-------+-------++-------
Melee: Spear             |   139 |    45 |    10 ||   194
       Unarmed           |     1 |       |       ||     1
       Long sword        |       |       |    67 ||    67
 Fire: Hand crossbow     |    13 |    53 |     7 ||    73
 Cast: Confusing Touch   |     1 |       |       ||     1
  Use: Scroll            |     2 |     2 |     1 ||     5
       Potion            |       |     4 |     1 ||     5
 Stab: Sleeping          |     5 |     3 |       ||     8
  Eat: Chunk             |    10 |     7 |       ||    17
Armor: Leather armour    |    27 |    12 |    25 ||    64
Dodge: Dodged            |    88 |    49 |    79 ||   216
       Rpst.: Long sword |       |       |    19 ||    19
